 Dungeon Crawl Stone Soup version 0.26.0-10-g1f06aea511 (webtiles) character file.

Game seed: 9415040870722728720

568 Aviak the Firebug (level 7, 0/50 HPs)
             Began as a Black Draconian Fire Elementalist on Jan 14, 2021.
             Killed themself with a badly aimed orb of electricity (5 damage)
             ... on level 4 of the Dungeon.
             The game lasted 00:04:59 (4515 turns).

Aviak the Firebug (DrFE)                            Turns: 4515, Time: 00:05:00

Health: 0/50       AC:  7    Str: 11    XL:     7   Next: 11%
Magic:  11/11      EV: 12    Int: 17    God:
Gold:   258        SH:  0    Dex: 11    Spells: 4/12 levels left

rFire    . . .     SeeInvis .   n - +1 scythe (vorpal)
rCold    . . .     Faith    .   (shield currently unavailable)
rNeg     . . .     Spirit   .   (armour unavailable)
rPois    .         Reflect  .   (helmet restricted)
rElec    +         Harm     .   l - +0 cloak
rCorr    .         Rampage  .   (no gloves)
Will     .....                  (no boots)
Stlth    ++........             (no amulet)
HPRegen  0.16/turn              (no ring)
MPRegen  0.12/turn              (no ring)

@: lethally poisoned (0 -> -1)
A: breathe lightning, unfitting armour, electricity resistance, cold-blooded, AC
+6
a: Breathe Lightning


You were on level 4 of the Dungeon.
You visited 1 branch of the dungeon, and saw 5 of its levels.

You collected 258 gold pieces.

Inventory:

Hand Weapons
 a - a +0 short sword
 b - a +1 vorpal spear
 n - a +1 vorpal scythe (weapon)
Armour
 l - a +0 cloak (worn)
Jewellery
 k - an uncursed ring of wizardry {unknown}
Wands
 i - a wand of polymorph (9)
Scrolls
 d - a scroll of remove curse {unknown}
 e - 2 scrolls of fog {unknown}
 f - a scroll of fear {unknown}
 g - a scroll of noise {unknown}
 h - a scroll of immolation {unknown}
 j - 2 scrolls of teleportation {unknown}
 o - 4 scrolls of identify {unknown}
 p - a scroll of enchant armour {unknown}
 q - a scroll of random uselessness {unknown}
Potions
 c - a potion of curing
 m - a potion of lignification {unknown}


   Skills:
 - Level 1.7 Dodging
 - Level 1.7 Stealth
 - Level 3.0 Spellcasting
 + Level 4.9 Conjurations
 + Level 5.9 Fire Magic


You had 4 spell levels left.
You knew the following spells:

 Your Spells              Type           Power        Failure   Level
a - Foxfire               Conj/Fire      84%          1%          1
b - Conjure Flame         Conj/Fire      21%          5%          3
c - Sticky Flame          Conj/Fire      21%          19%         4

Your spell library contained the following spells:

 Spells                   Type           Power        Failure   Level
 Inner Flame              Hex/Fire       12%          16%         3
 Fireball                 Conj/Fire      10%          45%         5


Dungeon Overview and Level Annotations

Branches:
Dungeon (5/15)
 Temple: D:4-7

Altars:


Innate Abilities, Weirdness & Mutations

You can breathe wild blasts of lightning.
Your glossy black scales are hard. (AC +6)
You cannot fit into any form of body armour.
You are resistant to electric shocks. (rElec)
You are cold-blooded and may be slowed by cold attacks.


Message History

The adder bites you.
You closely miss the adder.
The adder is almost dead.
You feel sick. The adder bites you. x2
You hit the adder.
You kill the adder!
You barely miss the phantom.
You feel sick. The phantom hits you!
* * * LOW HITPOINT WARNING * * *
The phantom misses you.
Unknown command.
You breathe a wild blast of lightning!
The orb of electricity explodes!
The orb of electricity engulfs you! You resist.
* * * LOW HITPOINT WARNING * * *
The orb of electricity engulfs the phantom!
The phantom is heavily damaged.
The orb of electricity explodes!
The orb of electricity engulfs the phantom!!
You destroy the phantom!
The orb of electricity engulfs you. You resist.
You die...

.#######..#.......>.<.#
>.........#..########## .
.#######..#..#......... #.
#..#....########
###.########..##<..#
#..P...♣...........####
#♣≈≈.≈.≈≈♣............######
...≈≈≈≈≈)≈....###..##.##....
P≈≈≈≈≈≈≈≈≈†@..# #.........##
PP≈.≈≈≈≈≈≈≈...# ##.##...#...
.PP≈≈≈≈≈≈≈≈.(.# #.####..[##
..≈≈.≈≈≈≈≈....# #.# ##.###
..#P..P.#.^..## #.#####.###
...#######...# #..........
.. #.### #######.### . #.#
#.##. #.#.#


There were no monsters in sight!

Vanquished Creatures
  Grinder (D:2)
  Sigmund (D:3)
  A phantom (D:4)
  Crazy Yiuf (D:3)
  Terence (D:2)
  Natasha (thrice) (D:3)
  Robin (D:3)
  2 adders
  3 worms
  A dart slug (D:2)
  2 leopard geckos (D:1)
  2 orcs
  5 bats
  2 giant cockroaches
  12 goblins
  7 hobgoblins
  4 jackals (D:1)
  3 quokkas
  A ball python (D:1)
  3 frilled lizards
  10 kobolds
  4 rats
70 creatures vanquished.

Vanquished Creatures (others)
  143 foxfires
  5 plants (D:4)
148 creatures vanquished.

Grand Total: 218 creatures vanquished

Notes
Turn   | Place    | Note
-------+----------+-------------------------------------------
     0 | D:1      | Aviak the Draconian Fire Elementalist began the quest for
                  | the Orb.
     0 | D:1      | Reached XP level 1. HP: 14/14 MP: 3/3
   426 | D:1      | Reached XP level 2. HP: 20/20 MP: 1/5
  1795 | D:2      | Reached XP level 3. HP: 26/26 MP: 2/6
  1862 | D:2      | Learned a level 3 spell: Conjure Flame
  1862 | D:2      | Noticed Terence
  1900 | D:2      | Killed Terence
  2294 | D:2      | Reached XP level 4. HP: 30/33 MP: 8/8
  2490 | D:3      | Noticed Grinder
  2496 | D:3      | Noticed Robin
  2501 | D:3      | Paralysed by Grinder for 4 turns
  2759 | D:2      | Killed Grinder
  2760 | D:2      | Reached skill level 5 in Fire Magic
  2760 | D:2      | Reached XP level 5. HP: 22/38 MP: 1/9
  2760 | D:2      | Reached XP level 6. HP: 25/45 MP: 1/10
  2939 | D:2      | Learned a level 4 spell: Sticky Flame
  3230 | D:3      | Killed Robin
  3495 | D:3      | Found a runed translucent door.
  3496 | D:3      | Noticed Crazy Yiuf
  3537 | D:3      | You fall into a shaft and drop 2 floors!
  3537 | D:5      | Entered Level 5 of the Dungeon
  3665 | D:3      | Killed Crazy Yiuf
  3806 | D:3      | Noticed Natasha
  3814 | D:3      | Killed Natasha
  3848 | D:3      | Noticed Sigmund
  3860 | D:3      | Killed Sigmund
  3979 | D:3      | Noticed Natasha
  3983 | D:3      | Killed Natasha
  3983 | D:3      | Noticed Natasha
  3984 | D:3      | Your scales start taking on a glossy black colour.
  3984 | D:3      | Reached XP level 7. HP: 35/50 MP: 11/11
  3984 | D:3      | Gained mutation: You are resistant to electric shocks.
                  | (rElec) [Black Draconian growth]
  3989 | D:3      | Killed Natasha
  4515 | D:4      | Killed themself with a badly aimed orb of electricity

Illustrated notes

Levels and vault maps discovered:
D:1:      dpeg_arrival_boxorama, layout_basic
D:2:      layout_loops_cross, minmay_tree_intersection, uniq_terence
D:3:      layout_loops_cross, minmay_misc_feat_plants,
          kennysheep_generic_room_13, uniq_sigmund, uniq_robin, uniq_natasha,
          uniq_grinder, uniq_crazy_yiuf_cottage
D:4:      layout_loops_ring, serial_bayou_pond_b
D:5:      layout_cave_pools, temple_hall

Skill      XL: |  1  2  3  4  5  6 |
---------------+-------------------+-----
Conjurations   | 2 3 4 |  4.9
Spellcasting   | 3 |  3.0
Fire Magic     | 5 |  5.9
Dodging        | |  1.7
Stealth        | |  1.7

Action                   |  1- 3 |  4- 6 |  7- 9 || total
-------------------------+-------+-------+-------++-------
Melee: Short sword       |    86 |    37 |       ||   123
       Unarmed           |     1 |       |       ||     1
       Tailslap          |     5 |     3 |     1 ||     9
       Spear             |       |    14 |       ||    14
       Scythe            |       |     3 |    13 ||    16
 Cast: Foxfire           |    28 |    59 |     4 ||    91
       Conjure Flame     |       |     1 |       ||     1
 Abil: Breathe Lightning |       |       |     2 ||     2
  Use: Potion            |     1 |     2 |       ||     3
 Stab: Sleeping          |     4 |     3 |     2 ||     9
Armor: Skin              |    34 |    31 |    12 ||    77
Dodge: Dodged            |    70 |    63 |    13 ||   146
